 Dungeon Crawl Stone Soup version 0.19-a0-599-g723c685 (webtiles) character file.

68 Kidiri the Magician (level 4, -4/24 HPs)
             Began as a Deep Elf Fire Elementalist on June 11, 2016.
             Killed from afar by crawlian's ghost (9 damage)
             ... with a flame tongue
             ... on level 3 of the Dungeon.
             The game lasted 00:17:11 (2070 turns).

Kidiri the Magician (Deep Elf Fire Elementalist)    Turns: 2070, Time: 00:17:11

Health: -4/24      AC:  4    Str:  5    XL:     4   Next: 1%
Magic:  10/12      EV:  8    Int: 27    God:
Gold:   48         SH:  0    Dex: 15    Spells: 4 memorised, 2 levels left

rFire  . . .     SeeInvis .     k - +0 dagger
rCold  . . .     Gourm    .     a - +0 robe
rNeg   . . .     Faith    .     (no shield)
rPois  .         Spirit   .     (no helmet)
rElec  .         Dismiss  .     (no cloak)
rCorr  .         Reflect  .     e - +1 pair of gloves
SustAt .         Harm     .     (no boots)
MR     .....                    j - amulet of magic regeneration
Stlth  ++........               (no ring)
                                n - +6 ring of intelligence

@: not resistant to hostile enchantments, unstealthy
A: no striking features
a: no special abilities


You were on level 3 of the Dungeon.
You were not hungry.

You visited 1 branch of the dungeon, and saw 3 of its levels.

You collected 48 gold pieces.

Inventory:

Hand Weapons
 k - a +0 dagger (weapon)
Armour
 a - a +0 robe (worn)
 e - a +1 pair of gloves (worn)
Jewellery
 j - an amulet of magic regeneration (around neck)
 n - a +6 ring of intelligence (left hand)
Scrolls
 d - a scroll of remove curse
 h - 3 scrolls of identify {unknown}
 l - a scroll of random uselessness {unknown}
Potions
 f - 2 potions of cancellation {unknown}
 i - a potion of heal wounds {unknown}
 m - 2 potions of haste {unknown}
 o - a potion of curing {unknown}
Books
 b - a book of Flames

   Spells                             Type                      Level
   a - Flame Tongue                   Conjuration/Fire             1
   b - Throw Flame                    Conjuration/Fire             2
   c - Conjure Flame                  Conjuration/Fire             3
   d - Inner Flame                    Hexes/Fire                   3
   e - Sticky Flame                   Conjuration/Fire             4
   f - Fireball                       Conjuration/Fire             5
Comestibles
 c - 2 bread rations


   Skills:
 - Level 2.4 Dodging
 - Level 2.4 Stealth
 * Level 4.2 Spellcasting
 * Level 2.5 Conjurations
 * Level 4.0 Fire Magic


You had 2 spell levels left.
You knew the following spells:

 Your Spells              Type           Power        Failure   Level  Hunger
a - Flame Tongue          Conj/Fire      ###..        1%          1    None
b - Throw Flame           Conj/Fire      ###...       3%          2    None
c - Conjure Flame         Conj/Fire      ###.....     10%         3    ##.....
d - Inner Flame           Hex/Fire       ###.....     12%         3    ##.....


Dungeon Overview and Level Annotations

Branches:
Dungeon (3/15)

Altars:
Gozag

Annotations:
D:3 crawlian's ghost, amateur DEFE


Message History

Aiming: Flame Tongue
Press: ? - help, Shift-Dir - straight line, f/p - crawlian's ghost
Aim: crawlian's ghost, wielding a weapon of pain (heavily damaged)
The flame tongue hits crawlian's ghost.
Crawlian's ghost is heavily damaged.
Crawlian's ghost points at you and mumbles some strange words.
The flame tongue hits you!
Casting: Flame Tongue
Confirm with . or Enter, or press ? or * to list all spells.
Aiming: Flame Tongue
Press: ? - help, Shift-Dir - straight line, f/p - crawlian's ghost
Aim: crawlian's ghost, wielding a weapon of pain (heavily damaged)
The flame tongue hits crawlian's ghost.
Crawlian's ghost is severely damaged.
Crawlian's ghost gestures at you while chanting.
The flame tongue hits you!
* * * LOW HITPOINT WARNING * * *
Crawlian's ghost points at you and mumbles some strange words.
The flame tongue hits you!
You die...

#. .. #. .# #.
.# .. .. # #.
.# .#..##. .#
.?.....#.# #@.#
.............#
.#.....W.......
#..#.#........
#l #.#......##
.. ...........
S .. .........
..o ....##...


You could see crawlian's ghost, an orc, a ball python (wandering) and a giant
newt.

Vanquished Creatures
  2 adders (D:2)
  4 dart slugs
  2 giant geckos
  2 giant cockroaches
  4 goblins (D:2)
  2 hobgoblins
  2 jackals (D:2)
  8 kobolds
  A quokka (D:2)
  7 bats
  A giant newt (D:2)
  7 rats
42 creatures vanquished.

Notes
Turn   | Place    | Note
--------------------------------------------------------------
     0 | D:1      | Kidiri the Deep Elf Fire Elementalist began the quest for the Orb.
     0 | D:1      | Reached XP level 1. HP: 10/10 MP: 6/6
   308 | D:1      | Reached XP level 2. HP: 15/15 MP: 6/8
   312 | D:1      | Learned a level 2 spell: Throw Flame
  1244 | D:2      | Reached XP level 3. HP: 19/19 MP: 3/10
  1249 | D:2      | Learned a level 3 spell: Conjure Flame
  1253 | D:2      | Learned a level 3 spell: Inner Flame
  1438 | D:2      | Found an opulent altar of Gozag.
  1931 | D:2      | Reached XP level 4. HP: 24/24 MP: 9/12
  2066 | D:3      | Noticed crawlian's ghost (amateur DEFE)
  2070 | D:3      | Killed from afar by crawlian's ghost

Vault maps used:
D:1:      eino_arrival_cavern_e
D:2:      grunt_gozag_statues

Skill      XL: |  1  2  3 |
---------------+----------+-----
Conjurations   | 2 |  2.5
Spellcasting   | 4 |  4.2
Fire Magic     | 4 |  4.0
Dodging        | |  2.4
Stealth        | |  2.4

Action                   |  1- 3 |  4- 6 || total
-------------------------+-------+-------++-------
Melee: Short sword       |     2 |       ||     2
       Dagger            |     2 |       ||     2
 Cast: Flame Tongue      |    36 |     4 ||    40
       Throw Flame       |    26 |       ||    26
  Use: Scroll            |     3 |       ||     3
  Eat: Chunk             |     4 |       ||     4
Armor: Robe              |     4 |       ||     4
Dodge: Dodged            |    14 |       ||    14
